 Dungeon Crawl Stone Soup version 0.27-a0-887-gcab673c142 (webtiles) character file.

Game seed: 9578359830873695289

14 Lanoc the Poker (level 2, -4/24 HPs)
             Began as a Merfolk Fighter on Apr 4, 2021.
             Was a Follower of Wu Jian.
             Slain by a gnoll
             ... wielding a +1 vorpal flail
              (11 damage)
             ... on level 1 of the Dungeon.
             The game lasted 00:00:58 (638 turns).

Lanoc the Poker (Merfolk Fighter)                    Turns: 638, Time: 00:00:58

Health: -4/24      AC:  6    Str: 16    XL:     2   Next: 41%
Magic:  2/2        EV:  7    Int:  7    God:    Wu Jian [*.....]
Gold:   28         SH:  9    Dex: 13    Spells: 1/1 levels left

rFire    . . .     SeeInvis .   a - +0 trident
rCold    . . .     Faith    .   c - +0 kite shield
rNeg     . . .     Spirit   .   b - +0 scale mail
rPois    .         Reflect  .   (no helmet)
rElec    .         Harm     .   (no cloak)
rCorr    .         Rampage  .   (no gloves)
Will     .....                  (no boots)
Stlth    ..........             (no amulet)
HPRegen  0.08/turn              (no ring)
MPRegen  0.08/turn              (no ring)

@: no status effects
A: (nimble swimmer 2), mertail
a: Renounce Religion


You were on level 1 of the Dungeon.
You worshipped Wu Jian.
Wu Jian was aware of your devotion.
You visited 1 branch of the dungeon, and saw 1 of its levels.

You collected 28 gold pieces.

Inventory:

Hand Weapons
 a - a +0 trident (weapon)
Armour
 b - a +0 scale mail (worn)
 c - a +0 kite shield (worn)
Scrolls
 f - a scroll of identify {unknown}
Potions
 d - a potion of might
 e - a potion of flight {unknown}


   Skills:
 + Level 3.4 Fighting
 * Level 3.5 Polearms
 + Level 2.3 Armour
 + Level 0.9 Dodging
 + Level 3.1 Shields


You had one spell level left.
You didn't know any spells.
Your spell library was empty.

Dungeon Overview and Level Annotations

Branches:
Dungeon (1/15)

Altars:
Wu Jian


Innate Abilities, Weirdness & Mutations

((You are quick and stealthy near water. (Stealth+, EV+, Speed+++)))
Your lower body shifts to a powerful aquatic tail in water.


Message History

a +0 dagger; 4 stones A kobold comes into view.
It is wielding a +1 dagger of freezing.
The kobold shouts!
You reach to attack!
You hit the kobold.
You kill the kobold!
No target in view!
No target in view!
No target in view!
No target in view!
You see here a +1 dagger of freezing.
You now have 28 gold pieces (gained 11).
Found a spear.
Found a faded altar of an unknown god.
A gnoll comes into view. It is wielding a +1 vorpal flail.
There is a faded altar of an unknown god here.
You cannot tell which god this altar belongs to.
Convert to them anyway?
Wu Jian accepts your prayer! The Council welcomes you!
You can now perform damaging attacks by moving towards foes.
You can now lightly attack monsters by moving around them.
You closely miss the gnoll. You block the gnoll's attack.
You hit the gnoll.
The gnoll is heavily wounded.
You block the gnoll's attack.
The gnoll hits you with a +1 vorpal flail!
You are too injured to fight recklessly!
You hit the gnoll.
The gnoll is heavily wounded.
The gnoll hits you with a +1 vorpal flail.
* * * LOW HITPOINT WARNING * * *
x2
There is an ornate altar of the Wu Jian Council here.
Okay, then.
A bat comes into view.
The bat hits you but does no damage.
You hit the bat.
The bat is severely wounded.
You block the bat's attack. The gnoll barely misses you.
You block the bat's attack.
The gnoll hits you with a +1 vorpal flail!
You die...

#.###.##.####.#
##.....## #
#......#.. ....
.....# #
###....####
#.### ####.# #
#.##.# #.# ##
.# # #. #.#
##.###.## # #.
#.# #.......##
# # #.#
#..#.....# ###
#.# #.b.......
... #.# #.@#
### #.#####g.#
#........#
########......
#####.#


You could see a gnoll and a bat.

Vanquished Creatures
  A ball python (D:1)
  3 endoplasms (D:1)
  A giant cockroach (D:1)
  A goblin (D:1)
  3 kobolds (D:1)
  2 bats (D:1)
11 creatures vanquished.

Vanquished Creatures (others)
  2 plants (D:1)
2 creatures vanquished.

Grand Total: 13 creatures vanquished

Notes
Turn   | Place    | Note
-------+----------+-------------------------------------------
     0 | D:1      | Lanoc the Merfolk Fighter began the quest for the Orb.
     0 | D:1      | Reached XP level 1. HP: 18/18 MP: 1/1
    69 | D:1      | Reached XP level 2. HP: 20/24 MP: 2/2
   583 | D:1      | Found a faded altar of an unknown god.
   612 | D:1      | Became a worshipper of the Wu Jian Council
   612 | D:1      | Reached * piety under Wu Jian
   638 | D:1      | Slain by a gnoll

Illustrated notes

Levels and vault maps discovered:
D:1:      matt_arrival_diagonals, layout_loops_ring, basic_ecumenical_altar,
          serial_forest, infiniplex_forest_end_3, infiniplex_forest_lined_2,
          infiniplex_forest_clump_small, infiniplex_forest_split

Action                   || total
-------------------------++-------
Melee: Trident           ||    39
Armor: Scale mail        ||    11
Dodge: Dodged            ||     8
Block: Kite shield       ||    23

Table legend: (Time is in decaauts)
 A = Elapsed time spent in this place.
 B = Non-inter-level travel time spent in this place.
 C = Inter-level travel time spent in this place.
 D = Time resting spent in this place.
 E = Time spent auto-exploring this place.
 F = Levels seen in this place.
 G = Mean time per level.
                   A        B        C        D        E       F      G
               +--------+--------+--------+--------+--------+-----+--------+
         Total |    651 |    651 |      0 |      0 |    547 |   1 |  651.0 |
       Dungeon |    651 |    651 |      0 |      0 |    547 |   1 |  651.0 |
               +--------+--------+--------+--------+--------+-----+--------+

Top non-repeatable levels by time:
     D:1: 651 daAuts
